 Dungeon Crawl Stone Soup version 0.17.1-2-g5865329 (webtiles) character file.

1347 KINGKRU the Shield-Bearer (level 8, -4/70 HPs)
             Began as a Hill Orc Fighter on Jan 26, 2016.
             Was a Follower of the Shining One.
             Killed by nerve-wracking pain
             ... invoked by a shadow imp
              (12 damage)
             ... on level 7 of the Dungeon on Jan 27, 2016.
             The game lasted 00:26:57 (6251 turns).

KINGKRU the Shield-Bearer (Hill Orc Fighter)        Turns: 6251, Time: 00:26:57

Health: -4/70      AC: 10    Str: 21    XL:     8   Next: 62%
Magic:  8/8        EV:  9    Int:  6    God:    the Shining One [*.....]
Gold:   338        SH: 10    Dex: 10    Spells: 0 memorised, 7 levels left

rFire  . . .     SeeInvis .     a - +0 long sword
rCold  . . .     Clarity  +     b - +0 scale mail
rNeg   . . .     SustAt   .     c - +0 shield
rPois  .         Gourm    .     (no helmet)
rElec  .         Spirit   .     j - +2 cloak
rCorr  .         Warding  .     (no gloves)
rMut   .         Stasis   .     (no boots)
MR     .....                    t - amulet of clarity
Stlth  +.........               (no ring)
                                e - ring of stealth

@: glowing, not resistant to hostile enchantments, very unstealthy
A: hooves 1, blink, dopey 1
a: Blink, Renounce Religion


You were on level 7 of the Dungeon.
You worshipped the Shining One.
The Shining One was aware of your devotion.
You were not hungry.

You visited 1 branch of the dungeon, and saw 7 of its levels.

You collected 338 gold pieces.

Inventory:

Hand Weapons
 a - a +0 long sword (weapon)
Armour
 b - a +0 scale mail (worn)
 c - a +0 shield (worn)
 j - a +2 cloak (worn)
Jewellery
 e - a ring of stealth (left hand)
 t - an amulet of clarity (around neck)
Scrolls
 k - 3 scrolls of identify
 m - a scroll of teleportation
 r - a scroll of remove curse
 u - a scroll of noise {unknown}
 v - a scroll of fog
Potions
 f - a potion of degeneration {unknown}
 g - a potion of cancellation {unknown}
 h - 2 potions of mutation
 i - 2 potions of invisibility {unknown}
 l - a potion of flight {unknown}
 o - a potion of poison {unknown}
 p - a potion of curing {unknown}
 q - a potion of berserk rage {unknown}
Comestibles
 d - a bread ration
 n - 2 meat rations
 s - a beef jerky


   Skills:
 + Level 5.9 Fighting
 + Level 5.7 Long Blades
 + Level 5.9 Armour
 + Level 3.2 Dodging
 + Level 0.3 Stealth
 + Level 6.5 Shields


You had 7 spell levels left.
You didn't know any spells.

Dungeon Overview and Level Annotations

Branches:
Dungeon (7/15)             Temple (0/1) D:7

Altars:
Elyvilon
Makhleb
Okawaru
Trog
Yredelemnul
Zin
The Shining One

Annotations:
D:5 aldrin12's ghost, novice DENe


Innate Abilities, Weirdness & Mutations

You have large cloven feet.
You can translocate small distances at will.
You are dopey. (Int -2)


Message History

You slash the orc warrior!
You kill the orc warrior!
The orc priest calls down the wrath of Beogh upon you.
Something smites you!
* * * LOW HITPOINT WARNING * * *
Drink which item? (? for menu, Esc to quit)
It was a potion of mutation.
You feel extremely strange.
You feel stupid.
You feel jittery.
Your feet thicken and deform.
The orc priest invokes the aid of Beogh against you.
Pain shoots through your body!
* * * LOW HITPOINT WARNING * * *
Read which item? (? for menu, Esc to quit)
As you read the scroll of teleportation, it crumbles to dust.
You feel strangely unstable. You block the orc priest's attack.
Your surroundings suddenly seem different.
A shadow imp comes into view.
The shadow imp gestures at you. Pain shoots through your body!
You die...

##....#### ##.###......#
###### #..##.......##
##............#
###.............#
##................#
#..................
#......5...........
#.................. ##
#......@..........
.#########.................
...........................
.......#.................
#####..####.........../..
##..# ##.#........... #...#
##.########## #...# ##.#
#...# #.#


You could see a shadow imp.

Vanquished Creatures
  Sigmund (D:3)
  An ice beast (D:6)
  An orc warrior (D:7)
  A phantom (D:4)
  2 ogres (D:4)
  2 giant frogs (D:7)
  A scorpion (D:4)
  A crimson imp (D:4)
  A jelly (D:5)
  2 hounds
  5 worker ants
  Terence (D:3)
  An orc wizard (D:4)
  Natasha (twice) (D:3)
  An iguana (D:6)
  7 gnolls
  5 adders
  2 oozes
  2 worms
  14 orcs
  4 bats
  8 giant cockroaches
  5 goblins
  6 hobgoblins
  5 jackals
  9 kobolds
  3 quokkas (D:7)
  2 ball pythons
  3 giant geckos
  A giant gecko skeleton (D:4)
  9 giant newts
  6 rats
114 creatures vanquished.

Notes
Turn   | Place    | Note
--------------------------------------------------------------
     0 | D:1      | KINGKRU the Hill Orc Fighter began the quest for the Orb.
     0 | D:1      | Reached XP level 1. HP: 19/19 MP: 1/1
    89 | D:1      | Reached XP level 2. HP: 26/26 MP: 2/2
   718 | D:1      | Reached XP level 3. HP: 33/33 MP: 3/3
   730 | D:1      | Reached skill level 4 in Shields
  1542 | D:3      | Reached XP level 4. HP: 38/40 MP: 4/4
  1574 | D:2      | HP: 2/40 [gnoll/whip (6)]
  1959 | D:3      | Noticed Sigmund
  1979 | D:3      | Killed Sigmund
  1979 | D:3      | Reached skill level 1 in Dodging
  1979 | D:3      | Reached XP level 5. HP: 18/47 MP: 5/5
  1979 | D:3      | Reached XP level 6. HP: 21/55 MP: 6/6
  2492 | D:3      | Noticed Natasha
  2505 | D:3      | Killed Natasha
  2505 | D:3      | Reached skill level 5 in Fighting
  2553 | D:3      | Noticed Natasha
  2561 | D:3      | Killed Natasha
  2646 | D:3      | Noticed Terence
  2662 | D:3      | Killed Terence
  2662 | D:3      | Reached skill level 5 in Shields
  2674 | D:3      | Found a glowing golden altar of the Shining One.
  2689 | D:3      | Became a worshipper of the Shining One
  3080 | D:4      | Found a burning altar of Makhleb.
  3090 | D:4      | Reached XP level 7. HP: 61/61 MP: 7/7
  3149 | D:4      | Reached skill level 5 in Armour
  3390 | D:5      | Entered Level 5 of the Dungeon
  3576 | D:4      | Found an iron altar of Okawaru.
  3720 | D:4      | Found a glowing silver altar of Zin.
  4143 | D:5      | Noticed aldrin12's ghost (novice DENe)
  4485 | D:5      | Reached skill level 6 in Shields
  4500 | D:5      | Reached XP level 8. HP: 52/69 MP: 8/8
  5049 | D:6      | Reached * piety under the Shining One
  5184 | D:6      | Found a bloodstained altar of Trog.
  5238 | D:6      | Found a basalt altar of Yredelemnul.
  5247 | D:6      | Reached skill level 5 in Long Blades
  5654 | D:7      | Found a staircase to the Ecumenical Temple.
  5677 | D:7      | Found a white marble altar of Elyvilon.
  6245 | D:7      | Gained mutation: You are dopey. (Int -2) [potion of mutation]
  6245 | D:7      | Gained mutation: You can translocate small distances at will. [potion of mutation]
  6245 | D:7      | Gained mutation: You have large cloven feet. [potion of mutation]
  6251 | D:7      | Killed from afar by a shadow imp

Action                   |  1- 3 |  4- 6 |  7- 9 || total
-------------------------+-------+-------+-------++-------
Melee: Long sword        |   123 |   126 |   312 ||   561
  Use: Scroll            |       |       |     7 ||     7
       Potion            |       |       |     2 ||     2
  Eat: Bread ration      |     1 |     1 |     1 ||     3
       Meat ration       |       |       |     1 ||     1
